 Dungeon Crawl Stone Soup version 0.31-a0-161-gb58dd9be76 (webtiles) character file.

Game seed: 13609792514507515253

0 Moral the Trooper (level 1, 18/18 HPs)
             Began as a Demonspawn Cinder Acolyte on June 12, 2023.
             Was a Priest of Ignis.
             Got out of the dungeon alive.
             The game lasted 00:01:17 (34 turns).

Moral the Trooper (Demonspawn Cinder Acolyte)         Turns: 34, Time: 00:01:17

Health: 18/18      AC:  2    Str: 14    XL:     1   Next: 0%
Magic:  2/2        EV: 11    Int: 15    God:    Ignis [***...]
Gold:   0          SH:  0    Dex:  8    Spells: 2/2 levels left

rFire   + . .        a - -1 spear (flame)
rCold   . . .        (no shield)
rNeg    . . .        b - +0 robe
rPois   .            (no helmet)
rElec   .            (no cloak)
rCorr   .            (no gloves)
SInv    .            (no boots)
Will    .....        (no amulet)
Stlth   +            (no ring)
HPRegen 0.23/turn    (no ring)
MPRegen 0.08/turn

%: no passive effects
@: no status effects
A: no striking features
a: Renounce Religion, Fiery Armour, Foxfire Swarm, Rising Flame


You escaped.
You worshipped Ignis.
Ignis was most pleased with you.
You visited 1 branch of the dungeon, and saw 1 of its levels.

Inventory:

Hand Weapons
 a - a -1 spear of flaming (weapon)
Armour
 b - a +0 robe (worn)


   Skills:
 + Level 3.0 Fighting
 + Level 2.6 Polearms
 + Level 1.0 Spellcasting
 + Level 2.6 Fire Magic


You had 2 spell levels left.
You didn't know any spells.
Your spell library contained the following spells:

 Spells                   Type           Power      Damage    Failure   Level
 Scorch                   Fire           16%        2d5       12%         2


Dungeon Overview and Level Annotations

Branches:
Dungeon (1/15)

Altars:


Message History

Press ? for a list of commands and other information.
Found 8 stones, a scroll labelled SEESSI VONIUJ and a fuming grey potion.
Found a staircase leading out of the dungeon.
You don't know any spells.
Okay, then.
Okay, then.
Activating: Foxfire Swarm
Press: ? - help, Dir - look around, f - activate Flames leap up around you!
Your foxfire dissipates!
Your foxfire dissipates! x13
Your foxfire dissipates! x7
You see here 8 stones.
Activating: Foxfire Swarm
Press: ? - help, Dir - look around, f - activate Flames leap up around you!
Your foxfire dissipates!
Your foxfire dissipates! x5
Your foxfire dissipates! x18
There is a staircase leading out of the dungeon here.
Found 13 gold pieces.
Activating: Foxfire Swarm
Press: ? - help, Dir - look around, f - activate Flames leap up around you!
Your foxfire dissipates!
There is a staircase leading out of the dungeon here.
Your foxfire dissipates! x8
Your foxfire dissipates! x13
Activating: Foxfire Swarm
Press: ? - help, Dir - look around, f - activate Flames leap up around you!
Your foxfire dissipates!
Your foxfire dissipates! x9
Your foxfire dissipates! x14
There is a staircase leading out of the dungeon here.
You can't go down here!
Are you sure you want to leave the Dungeon?
This will make you lose the game!
Uppercase [Y]es or [N]o only, please.
Are you sure you want to leave the Dungeon?
This will make you lose the game!
You have escaped!

########.#####
######.....######
##...#.....#...#.
##.8.#.....#.8.#.
##...#..?..#...#.
######.....#####.
###................
#..................
#.#...(...@........
#.#................
# #................
######.....#####.
##...#.....#...#.
##.8.#.....#.8.#.
##.^.#.....#.!.##
######.....#####$
#######........


There were no monsters in sight!

Vanquished Creatures (others)
  82 foxfires (D:1)
82 creatures vanquished.

Notes
Turn   | Place    | Note
-------+----------+-------------------------------------------
     0 | D:1      | Moral the Demonspawn Cinder Acolyte began the quest for the
                  | Orb.
     0 | D:1      | Reached XP level 1. HP: 18/18 MP: 2/2
    34 | D:$      | Got out of the dungeon alive.

Illustrated notes

Levels and vault maps discovered:
D:1:      minmay_arrival_glassed_features, layout_rooms, nicolae_hexahallways

Action                     || total
---------------------------++-------
 Invoke: Foxfire Swarm     ||     4

Table legend: (Time is in decaauts)
 A = Elapsed time spent in this place.
 B = Non-inter-level travel time spent in this place.
 C = Inter-level travel time spent in this place.
 D = Time resting spent in this place.
 E = Time spent auto-exploring this place.
 F = Levels seen in this place.
 G = Mean time per level.
                   A        B        C        D        E       F      G
               +--------+--------+--------+--------+--------+-----+--------+
         Total |     34 |     28 |      6 |      0 |      0 |   1 |   34.0 |
       Dungeon |     34 |     28 |      6 |      0 |      0 |   1 |   34.0 |
               +--------+--------+--------+--------+--------+-----+--------+

Top non-repeatable levels by time:
     D:1: 34 daAuts
